 Dungeon Crawl Stone Soup version 0.28.0-43-g3370ac3207 (webtiles) character file.

Game seed: 14015705556686641840

81294 Acheron the Protected (level 15, -14/124 HPs)
             Began as a Demonspawn Artificer on Mar 8, 2022.
             Was a High Priest of Ashenzari.
             Hit by a large rock thrown by Polyphemus (52 damage)
             ... on level 2 of the Shoals on Mar 9, 2022.
             The game lasted 04:31:33 (38571 turns).

Acheron the Protected (Demonspawn Artificer)       Turns: 38571, Time: 04:31:33

Health: -14/124    AC: 25    Str: 20    XL:     15   Next: 26%
Magic:  27/27      EV: 18    Int: 14    God:    Ashenzari [*****.]
Gold:   1174       SH:  8    Dex: 20    Spells: 20/31 levels left

rFire   . . .      SeeInvis +   W - +1 rapier of Ashenzari's Adversity {protect, *Rage rElec rC+++ Dex-2, Elem, Self} (curse)
rCold   + + +      Faith    .   L - +3 buckler of Ashenzari's Ethics {AC+3, Bglg, Self} (curse)
rNeg    + . .      Spirit   .   U - +0 ring mail "Sun of the All-Knowing" {Harm rPois rN+ Int+2 Dex-4, Cun, Bglg} (curse)
rPois   +          Reflect  .   p - +1 helmet "Restrained Together" {Comp, Melee} (curse)
rElec   +          Harm     +   E - +2 cloak of Apeoromancy {rPois, Comp, Range} (curse)
rCorr   +          Rampage  .   x - +1 pair of gloves "Asceticism of Ashenzari" {Cun, Range} (curse)
Will    +....      Clarity  +   (boots unavailable)
Stlth   ++++++++..              (no amulet)
HPRegen 0.30/turn               i - ring of Supernal Gnosis {rCorr, Bglg, Self} (curse)
MPRegen 0.20/turn               v - ring "Per Aspera Ad Scientiam" {Str+6, Comp, Melee} (curse)

@: mighty, under a protective aura
A: hooves 3, thin skeletal structure 3, foul stench 1, powered by pain 3,
corrupting presence 1
a: Renounce Religion, Curse Item, Shatter the Chains


You were on level 2 of the Shoals.
You worshipped Ashenzari.
Ashenzari was extremely pleased with you.
You visited 5 branches of the dungeon, and saw 26 of its levels.

You collected 1534 gold pieces.
You spent 360 gold pieces at shops.

Inventory:

Hand Weapons
 e - a +3 spectral scimitar
 w - the +7 hand axe of the Eternal Warrior {vorpal, *Noise rN+++ Dex-4 SInv}
   (You found it on level 6 of the Lair of Beasts)

   It inflicts extra damage upon your enemies.
   Dex:       It affects your dexterity (-4).
   rN:        It renders you almost immune to negative energy.
   SInv:      It lets you see invisible.
   *Noise:    It may make noises in combat.
 K - a +3 broad axe of draining
 W - the cursed +1 rapier of Ashenzari's Adversity (weapon) {protect, *Rage rElec rC+++ Dex-2, Elem, Self}
   (You found it on level 3 of the Lair of Beasts)

   It grants its wielder temporary protection when it strikes (+7 to AC).
   Dex:       It affects your dexterity (-2).
   rC:        It renders you almost immune to cold.
   rElec:     It insulates you from electricity.
   *Rage:     It berserks you when you make melee attacks (+20% chance).
   It has a curse which improves the following skills: Elements: Fire Magic, Ice
   Magic, Air Magic and Earth Magic.
   Introspection: Fighting and Spellcasting.
Missiles
 f - 6 atropa-tipped darts
 o - 32 poisoned darts (quivered)
 s - 4 throwing nets
 D - 17 boomerangs
 X - 6 silver javelins
Armour
 p - the cursed +1 helmet "Restrained Together" (worn) {Comp, Melee}
   (You found it on level 4 of the Dungeon)

   It has a curse which improves the following skills: Companions: Summonings
   and Necromancy.
   Melee Combat: Short Blades, Long Blades, Axes, Maces & Flails, Polearms,
   Staves and Unarmed Combat.
 q - a +0 troll leather armour
 x - the cursed +1 pair of gloves "Asceticism of Ashenzari" (worn) {Cun, Range}
   (You found it on level 6 of the Dungeon)

   It has a curse which improves the following skills: Cunning: Dodging and
   Stealth.
   Ranged Combat: Slings, Bows, Crossbows and Throwing.
 E - the cursed +2 cloak of Apeoromancy (worn) {rPois, Comp, Range}
   (You took it off Maurice on level 8 of the Dungeon)

   It has a curse which improves the following skills: Companions: Summonings
   and Necromancy.
   Ranged Combat: Slings, Bows, Crossbows and Throwing.
 G - a +2 pair of gloves
 L - the cursed +3 buckler of Ashenzari's Ethics (worn) {AC+3, Bglg, Self}
   (You took it off a tengu warrior on level 13 of the Dungeon)

   It has a curse which improves the following skills: Beguiling: Conjurations,
   Hexes and Translocations.
   Introspection: Fighting and Spellcasting.
 U - the cursed +0 ring mail "Sun of the All-Knowing" (worn) {Harm rPois rN+ Int+2 Dex-4, Cun, Bglg}
   (You found it on level 11 of the Dungeon)

   Int:       It affects your intelligence (+2).
   Dex:       It affects your dexterity (-4).
   rPois:     It protects you from poison.
   rN:        It protects you from negative energy.
   Harm:      It increases damage dealt and taken.
   It has a curse which improves the following skills: Cunning: Dodging and
   Stealth.
   Beguiling: Conjurations, Hexes and Translocations.
Magical Staves
 N - a staff of cold
Jewellery
 h - a ring of fire
 i - the cursed ring of Supernal Gnosis (left hand) {rCorr, Bglg, Self}
   (You found it on level 2 of the Dungeon)

   [ring of resist corrosion]

   rCorr:     It protects you from acid and corrosion.
   It has a curse which improves the following skills: Beguiling: Conjurations,
   Hexes and Translocations.
   Introspection: Fighting and Spellcasting.
 j - a ring of protection from cold
 v - the cursed ring "Per Aspera Ad Scientiam" (right hand) {Str+6, Comp, Melee}
   (You found it on level 1 of the Lair of Beasts)

   [ring of strength]

   Str:       It affects your strength (+6).
   It has a curse which improves the following skills: Companions: Summonings
   and Necromancy.
   Melee Combat: Short Blades, Long Blades, Axes, Maces & Flails, Polearms,
   Staves and Unarmed Combat.
 M - a +4 ring of slaying
 P - a ring of positive energy
Wands
 c - a wand of flame (18)
 d - a wand of mindburst (6)
 g - a wand of polymorph (6)
 m - a wand of digging (22)
 F - a wand of iceblast (15)
 O - a wand of paralysis (10)
 V - a wand of acid (6)
Scrolls
 a - a scroll of silence
 n - a scroll of teleportation
 t - 4 scrolls of immolation
 y - 9 scrolls of identify
 I - 5 scrolls of fog
 S - a scroll of enchant armour
 T - a scroll of summoning
Potions
 b - 4 potions of lignification
 k - 10 potions of curing
 l - 4 potions of flight
 r - 2 potions of mutation
 z - 6 potions of might
 A - 3 potions of brilliance
 C - 3 potions of cancellation
 H - 2 potions of haste
 J - a potion of magic
 Q - a potion of heal wounds
 R - a potion of berserk rage
Miscellaneous
 u - a piece from Xom's chessboard (15/15)
 B - a box of beasts (inert)


   Skills:
 * Level 9.1(13.6) Fighting
 * Level 9.8(13.7) Short Blades
 + Level 5.7(11.0) Long Blades
 + Level 5.4(8.8) Polearms
 + Level 7.3(10.8) Throwing
 * Level 10.2 Armour
 * Level 8.0(11.5) Dodging
 * Level 9.4(12.9) Stealth
 * Level 2.8 Shields
 * Level 4.4(8.5) Spellcasting
 + Level 2.6(6.1) Conjurations
 + Level 2.5(6.0) Summonings
 + Level 3.2(7.0) Translocations
 * Level 3.3 Transmutations
 * Level 3.3(5.3) Earth Magic
 * Level 9.2 Evocations


You had 20 spell levels left.
You knew the following spells:

 Your Spells              Type           Power      Damage    Failure   Level
a - Apportation           Tloc           50%        N/A       1%          1
b - Magic Dart            Conj           92%        1d7       1%          1
c - Searing Ray           Conj           46%        2d6       3%          2
d - Call Imp              Summ           22%        N/A       3%          2
e - Passwall              Tmut/Erth      15%        N/A       6%          2
f - Stone Arrow           Conj/Erth      44%        3d9       7%          3

Your spell library contained the following spells:

 Spells                   Type           Power      Damage    Failure   Level
 Summon Small Mammal      Summ           88%        N/A       1%          1
 Sandblast                Erth           42%        2d11      2%          1
 Iskenderun's Mystic Bla  Conj/Tloc      24%        2d7       16%         4
 Animate Skeleton         Necr           14%        N/A       19%         1
 Pain                     Necr           28%        1d5       19%         1
 Slow                     Hex            28%        N/A       19%         1
 Dazzling Flash           Conj/Hex       30%        N/A       19%         3
 Corpse Rot               Necr/Air       14%        N/A       30%         2
 Mephitic Cloud           Conj/Pois/Air  12%        N/A       30%         3
 Scorch                   Fire           12%        2d6       32%         2
 Poisonous Vapours        Pois/Air       12%        N/A       34%         2
 Manifold Assault         Tloc           25%        N/A       36%         5
 Iskenderun's Battlesphe  Conj           23%        2d8       47%         5
 Confusing Touch          Hex            7%         N/A       50%         3
 Vampiric Draining        Necr           7%         2d6       50%         3
 Fulminant Prism          Conj/Hex       7%         3d7       52%         4
 Flame Wave               Conj/Fire      15%        2d6       54%         4
 Leda's Liquefaction      Hex/Erth       7%         N/A       56%         4
 Lee's Rapid Deconstruct  Erth           10%        3d9*      58%         5
 Animate Dead             Necr           3%         N/A       88%         4
 Dispel Undead            Necr           7%         3d8       88%         4
 Borgnjor's Vile Clutch   Necr/Erth      7%         N/A       89%         5
 Yara's Violent Unravell  Hex/Tmut       5%         3d4       96%         5
 Summon Cactus Giant      Summ           11%        N/A       97%         6
 Alistair's Intoxication  Tmut/Pois      6%         N/A       98%         5
 Iron Shot                Conj/Erth      11%        9d3       98%         6
 Statue Form              Tmut/Erth      12%        N/A       99%         6
 Death Channel            Necr           3%         N/A       100%        6
 Starburst                Conj/Fire      7%         6d4       100%        6
 Enfeeble                 Hex            3%         N/A       100%        7
 Spellforged Servitor     Conj/Summ      11%        N/A       100%        7


Dungeon Overview and Level Annotations

Branches:
Dungeon (15/15)            Temple (1/1) D:5            Lair (6/6) D:9
 Shoals (2/4) Lair:3        Snake (0/4) Lair:3        Slime (0/5) Lair:6
    Orc (2/2) D:9
    Elf: Orc:2       Vaults: D:13-14     Depths: D:15

Altars:
Ashenzari
Cheibriados
Dithmenos
Elyvilon
Fedhas
Gozag
Hepliaklqana
Kikubaaqudgha
Makhleb
Nemelex Xobeh
Okawaru
Qazlal
Ru
Sif Muna
Trog
Uskayaw
Vehumet
Wu Jian
Xom
Yredelemnul
Zin
The Shining One
Jiyva

Shops:
D:1 !=:(   D:5 [   D:9 (   Orc:2 [

Portals:
Trove: D:10 (give +4 storm dragon scales)

Annotations:
D:3 Robin
D:5 exclusion: downstairs
D:8 2 runed translucent doors
D:13 exclusion: downstairs
D:14 exclusion: upstairs
Lair:1 Gastronok
Lair:2 exclusion: downstairs
Lair:3 3 runed translucent doors, MirrMurr's ghost, journeyman DsBe; Rupert; kalagan's ghost, journeyman DECj
Lair:4 exclusion: upstairs
Shoals:1 Frances
Shoals:2 Polyphemus
Orc:1 Sonja


Innate Abilities, Weirdness & Mutations

You have hooves in place of feet.
You have an unnaturally thin skeletal structure. (Dex +6, Stealth+++)
You may rarely emit foul miasma when damaged in melee.
You are powered by pain.
Your presence sometimes corrodes those you injure.


Message History

There is a stone staircase leading down here.
You see here a +0 ring mail of fire resistance.
The manticore flicks its tail.
You block the volley of spikes.
You see here a +0 ring mail of fire resistance.
The manticore flicks its tail.
The volley of spikes hits you!!
The barbed spikes become lodged in your body.
There is a stone staircase leading down here.
The barbs in your skin will harm you if you move.
Continue?
The barbed spikes dig painfully into your body as you move.
You climb downwards.
Found a stone staircase leading up and a stone staircase leading down.
There is a stone staircase leading up here.
The sea snake hisses angrily.
The sea snake closely misses you.
The death yak bellows!
You block the sea snake's attack.
Polyphemus the Watchful Shepherd comes into view.
You open the lid... ...and a juvenile oxweird beast leaps out!
The box is emptied!
You carefully extract the barbed spikes from your body.
The sea snake closely misses you.
The helpless merfolk fails to defend itself.
You skewer the merfolk like a kebab!!!!
Your weapon exudes an aura of protection.
You kill the merfolk!
Polyphemus throws a large rock.
The large rock barely misses your juvenile oxweird beast.
The large rock hits you!!!
You focus on the pain.
You feel very mighty all of a sudden. The sea snake bites you!
You emit a cloud of foul miasma!
The sea snake is engulfed in dark miasma.
The sea snake is poisoned.
You block the sea snake's attack.
Things that are here:
a +0 trident; a throwing net; a merfolk corpse A sea snake comes into view.
Polyphemus throws a large rock.
The large rock hits you!!!
You die...

≈≈ ≈
≈≈≈≈P≈PP≈≈≈≈≈..,,
≈ ≈ ≈
≈≈≈≈≈≈≈≈≈≈C≈≈P≈.,
≈ ≈ ≈≈
≈≈≈≈≈≈≈≈≈≈≈≈...,
, ≈ ≈
≈≈≈≈≈≈≈≈≈≈...>P,,
≈ ≈
≈≈≈≈≈≈PP≈P...#
*,, , , ≈≈
≈≈≈≈≈≈≈≈≈.P.##
*,, ,, ≈≈ ≈
≈≈≈≈≈≈≈≈Y...## *
* , , ≈≈≈
≈≈≈≈≈≈≈.)H###* *
≈ ≈≈≈≈
≈≈≈≈≈≈≈@S###. **
≈ ≈
≈≈≈≈≈≈≈<.###P,, ≈
≈ ≈≈≈≈≈≈....##..,
,** * ≈ ≈
,.≈≈≈≈......,,
,,* * ≈,*
#.≈≈≈≈≈....
,,,,,, ,, ≈
#.≈≈≈≈≈≈≈..#, ,
,≈ ,, ≈,
##.≈≈≈≈≈≈.##* ,,
≈≈ * ,*
#....≈≈S.# , , *
,, , ,≈≈ , ,


You could see Polyphemus, a death yak, 2 sea snakes and a friendly juvenile
oxweird beast (summoned).

Vanquished Creatures
  Kirke (D:13)
  Snorg (D:14)
  A boulder beetle (D:13)
  3 catoblepae (Lair:5)
  7 hydras
  2 centaur warriors (D:13)
  An alligator snapping turtle (Shoals:1)
  5 two-headed ogres
  A tengu warrior (D:13)
  4 death yaks
  An orc high priest (D:9)
  Urug (Lair:6)
  Nergalle (Orc:1)
  A sea snake (Shoals:1)
  2 goliath frogs (Lair:6)
  A lindwurm (Lair:6)
  Pikel (D:9)
  6 ugly things
  3 manticores
  4 cyclopes
  6 elephants (Lair:5)
  2 merfolk sirens (Lair:3)
  Maurice (D:8)
  A gargoyle (D:13)
  9 black mambas
  3 unseen horrors
  19 cane toads
  6 komodo dragons
  A yaktaur (D:13)
  4 rime drakes
  A tengu conjurer (D:11)
  3 merfolk
  4 trolls
  2 tyrant leeches (Lair:6)
  2 polar bears
  A wind drake (Shoals:1)
  3 hornets
  47 blink frogs
  7 slime creatures
  4 dream sheep (Lair:4)
  A water elemental (Shoals:1)
  Sigmund (D:4)
  2 snapping turtles (Shoals:1)
  2 vampires
  73 yaks
  A hog (shapeshifter) (D:13)
  A human (shapeshifter) (D:13)
  A basilisk (D:14)
  4 wraiths
  Eustachio (D:4)
  6 hogs (D:13)
  5 wyverns
  A steam dragon (Lair:4)
  16 vampire mosquitoes
  3 acid dragons
  22 water moccasins
  Duvessa (D:5)
  A sky beast (D:8)
  6 orc warriors
  A black bear (D:5)
  A meliai simulacrum (D:12)
  A swamp drake (D:9)
  5 ogres
  3 wolves (Lair:1)
  6 centaurs
  A phantom (D:6)
  A kobold brigand (D:9)
  24 bullfrogs
  A gnoll sergeant (D:9)
  A scorpion (D:5)
  2 wyvern skeletons (D:7)
  Dowan (D:5)
  3 killer bees (D:8)
  10 wights
  A howler monkey (D:9)
  6 centaur zombies
  5 jellies
  2 bullfrog zombies
  2 centaur skeletons
  3 orc priests
  2 gnoll shamans
  4 hounds
  A bullfrog skeleton (D:4)
  Jessica (D:3)
  Ijyb (D:3)
  Terence (D:3)
  4 iguanas
  15 orc wizards
  Natasha (thrice) (D:4)
  A hound skeleton (D:5)
  4 howler monkey zombies
  14 gnolls
  A howler monkey skeleton (D:7)
  11 adders
  A shadow imp (D:7)
  A white imp (D:8)
  An ufetubus (D:4)
  4 worms
  A dart slug (D:1)
  29 orcs
  3 endoplasms
  6 giant cockroaches
  9 goblins
  8 hobgoblins
  4 jackals
  4 kobolds
  3 quokkas
  7 ball pythons
  7 bats
  A frilled lizard (D:1)
  6 rats
  A spectral orc (D:5)
560 creatures vanquished.

Vanquished Creatures (collateral kills)
  A hydra (Lair:6)
  A death yak (D:9)
  A goliath frog (Lair:6)
  A cane toad (Lair:2)
  2 kobolds (D:4)
6 creatures vanquished.

Vanquished Creatures (others)
  A hydra (Lair:6)
  An elephant (Lair:2)
  A cane toad (Lair:6)
  A komodo dragon (Lair:5)
  A gnoll (D:8)
  An adder (D:4)
  An orc (D:9)
  61 fungi
  184 plants
  6 tentacles (Shoals:1)
  A withered plant (D:8)
259 creatures vanquished.

Grand Total: 825 creatures vanquished

Notes
Turn   | Place    | Note
-------+----------+-------------------------------------------
     0 | D:1      | Acheron the Demonspawn Artificer began the quest for the
                  | Orb.
     0 | D:1      | Reached XP level 1. HP: 15/15 MP: 1/1
   285 | D:1      | Reached skill level 1 in Dodging
   285 | D:1      | Reached skill level 1 in Stealth
   355 | D:1      | Reached skill level 2 in Armour
   355 | D:1      | Gained mutation: You have a somewhat thin skeletal
                  | structure. (Dex +2, Stealth+) [demonic ancestry]
   355 | D:1      | Reached XP level 2. HP: 5/21 MP: 2/2
   939 | D:1      | Found Luc Caownolu's Jewellery Shoppe.
  1076 | D:1      | Found a faded altar of an unknown god.
  1121 | D:1      | Prayed at the altar of an unknown god.
  1121 | D:1      | Became a worshipper of Ashenzari the Shackled
  1149 | D:1      | Found Bikh's Antique Weapon Shop.
  1328 | D:1      | Found Zoetatt's Book Emporium.
  1447 | D:1      | Gained mutation: You may rarely emit foul miasma when
                  | damaged in melee. [demonic ancestry]
  1447 | D:1      | Reached XP level 3. HP: 26/26 MP: 3/3
  1476 | D:3      | Noticed Jessica
  1739 | D:2      | Learned a level 1 spell: Magic Dart
  1745 | D:2      | Found a radiant altar of Vehumet.
  1812 | D:3      | Noticed Robin
  1859 | D:3      | You fall into a shaft and drop 1 floor!
  1859 | D:4      | Noticed Eustachio
  1873 | D:4      | Reached skill level 1 in Short Blades
  1876 | D:4      | Gained mutation: You sometimes gain a little power by
                  | taking damage. [demonic ancestry]
  1876 | D:4      | Reached XP level 4. HP: 20/32 MP: 4/4
  1891 | D:4      | Killed Eustachio
  1892 | D:4      | Reached skill level 1 in Conjurations
  1892 | D:4      | Reached XP level 5. HP: 23/38 MP: 5/5
  2154 | D:4      | Gained mutation: You have large cloven feet. [demonic
                  | ancestry]
  2154 | D:4      | Reached XP level 6. HP: 43/44 MP: 6/6
  2156 | D:4      | Noticed a water moccasin
  2192 | D:5      | Entered Level 5 of the Dungeon
  2324 | D:5      | Found a staircase to the Ecumenical Temple.
  2333 | Temple   | Entered the Ecumenical Temple
  2545 | D:5      | Found a basalt altar of Yredelemnul.
  2615 | D:5      | Found a shadowy altar of Dithmenos.
  2848 | D:4      | Noticed Duvessa
  2848 | D:4      | Noticed Dowan
  3049 | D:4      | Learned a level 1 spell: Apportation
  3134 | D:4      | Reached skill level 3 in Armour
  3223 | D:4      | Gained mutation: You sometimes gain power by taking damage.
                  | [demonic ancestry]
  3223 | D:4      | Reached XP level 7. HP: 13/50 MP: 7/7
  3453 | D:4      | Reached * piety under Ashenzari
  3481 | D:4      | Noticed Natasha
  3518 | D:5      | Found Beomu's Armour Shop.
  4425 | D:5      | Reached skill level 1 in Spellcasting
  4495 | D:5      | Killed Dowan
  4496 | D:5      | Reached skill level 1 in Translocations
  4737 | D:7      | Gained mutation: You have a moderately thin skeletal
                  | structure. (Dex +4, Stealth++) [demonic ancestry]
  4737 | D:7      | Reached XP level 8. HP: 26/58 MP: 10/10
  5061 | D:8      | Found a runed translucent door.
  5076 | D:8      | Found a runed translucent door.
  5484 | D:7      | Reached skill level 4 in Armour
  6202 | D:6      | Reached ** piety under Ashenzari
  6361 | D:9      | Noticed a death yak
  6361 | D:9      | Noticed a death yak
  6361 | D:9      | Noticed a two-headed ogre
  6579 | D:8      | Noticed Maurice
  6615 | D:8      | Paralysed by Maurice for 6 turns
  6625 | D:8      | Paralysed by Maurice for 7 turns
  6636 | D:8      | Killed Maurice
  6637 | D:8      | Reached skill level 5 in Short Blades
  6637 | D:8      | Reached skill level 1 in Throwing
  6637 | D:8      | Reached skill level 5 in Evocations
  6637 | D:8      | Gained mutation: You have hoof-like feet. [demonic
                  | ancestry]
  6637 | D:8      | Reached XP level 9. HP: 49/66 MP: 13/13
  6721 | D:8      | Found an ancient bone altar of Kikubaaqudgha.
  6897 | D:10     | Entered Level 10 of the Dungeon
  6897 | D:10     | Noticed an unseen horror
  6900 | D:10     | Killed an unseen horror
  6983 | D:10     | Reached skill level 5 in Armour
  7186 | D:9      | Noticed a death yak
  7691 | D:9      | Noticed a troll
  7707 | D:9      | Killed a troll
  7768 | D:9      | Noticed a two-headed ogre
  7916 | D:9      | Gained mutation: You are powered by pain. [demonic
                  | ancestry]
  7916 | D:9      | Reached XP level 10. HP: 74/74 MP: 14/14
  7995 | D:9      | Noticed a death yak
  8011 | D:9      | Reached skill level 5 in Stealth
  8148 | D:9      | Noticed Pikel
  8169 | D:9      | Found a staircase to the Orcish Mines.
  8333 | Orc:1    | Entered Level 1 of the Orcish Mines
  8336 | Orc:1    | Noticed a two-headed ogre
  8346 | Orc:1    | Killed a two-headed ogre
  8356 | Orc:1    | Noticed Sonja
  8363 | Orc:1    | Noticed Nergalle
  8375 | Orc:1    | Killed Nergalle
  8376 | Orc:1    | Reached skill level 6 in Armour
  8428 | Orc:1    | Noticed an orc high priest
  8436 | Orc:1    | Noticed a rust devil
  8454 | D:9      | Killed an orc high priest
  8886 | Orc:2    | Entered Level 2 of the Orcish Mines
  8888 | Orc:2    | Noticed a cyclops
  8891 | Orc:2    | Noticed a cyclops
  8892 | Orc:2    | Found Mykiffib's Antique Armour Boutique.
  8892 | Orc:2    | Noticed a cyclops
  8892 | Orc:2    | Noticed a stone giant
  8968 | D:9      | Killed a death yak
  8969 | D:9      | Reached skill level 5 in Fighting
  8983 | D:9      | Found a staircase to the Lair.
  8993 | Lair:1   | Entered Level 1 of the Lair of Beasts
  8993 | Lair:1   | Noticed Gastronok
  9010 | Lair:1   | Killed a death yak
  9018 | Lair:1   | Killed a death yak
  9019 | Lair:1   | Gained mutation: You have an unnaturally thin skeletal
                  | structure. (Dex +6, Stealth+++) [demonic ancestry]
  9019 | Lair:1   | Reached XP level 11. HP: 29/83 MP: 15/15
  9046 | Lair:1   | Noticed an eight-headed hydra
  9377 | Lair:1   | Reached skill level 5 in Dodging
  9738 | Lair:1   | Reached skill level 7 in Armour
  9992 | Lair:2   | Identified Qollimorph's Incunabulum of Orientation and
                  | Necromancy
 10092 | Lair:1   | Noticed a four-headed hydra
 11008 | Lair:3   | Noticed a death yak
 12527 | Lair:6   | Entered Level 6 of the Lair of Beasts
 13212 | Lair:6   | Reached XP level 12. HP: 72/91 MP: 16/16
 13300 | Lair:6   | Reached skill level 8 in Armour
 13440 | Lair:6   | Noticed a five-headed hydra
 13453 | Lair:6   | Reached skill level 5 in Throwing
 13462 | Lair:6   | Noticed a six-headed hydra
 13465 | Lair:6   | Killed a six-headed hydra
 13466 | Lair:6   | Reached skill level 1 in Long Blades
 13990 | Lair:5   | Noticed a catoblepas
 15071 | Lair:5   | Noticed a catoblepas
 16500 | Lair:1   | Killed an eight-headed hydra
 16501 | Lair:1   | Reached skill level 1 in Polearms
 16725 | Lair:1   | Killed a four-headed hydra
 17109 | Lair:2   | Reached skill level 9 in Armour
 17401 | Lair:2   | Learned a level 2 spell: Searing Ray
 17933 | D:9      | Killed a death yak
 18862 | D:9      | Killed a two-headed ogre
 18863 | D:9      | Reached *** piety under Ashenzari
 18863 | D:9      | Gained mutation: You have hooves in place of feet. [demonic
                  | ancestry]
 18863 | D:9      | Reached XP level 13. HP: 82/101 MP: 17/17
 19704 | D:11     | Learned a level 2 spell: Call Imp
 20495 | D:11     | Identified the +0 ring mail "Gopuc" {Harm rPois rN+ Int+2
                  | Dex-4}
 20498 | D:10     | Found a viscous altar of Jiyva.
 20953 | D:11     | HP: 5/101 [vampire mosquito (4)]
 22035 | D:12     | Reached skill level 1 in Summonings
 22982 | D:12     | Found a hide-covered altar of Uskayaw.
 23036 | D:13     | Noticed Kirke
 23260 | D:13     | Killed Kirke
 23425 | D:14     | Found a burning altar of Makhleb.
 23547 | D:15     | Entered Level 15 of the Dungeon
 23687 | D:15     | Noticed a fire dragon
 23848 | D:14     | Noticed Snorg
 23887 | D:14     | Killed Snorg
 24400 | D:13     | HP: 4/101 [tengu warrior/+0 long sword (7)]
 24406 | D:13     | Reached skill level 1 in Shields
 24507 | D:13     | Reached **** piety under Ashenzari
 24765 | D:10     | Found a portal to a secret trove of treasure.
 25116 | D:9      | Found Quos's Antique Weapon Emporium.
 25164 | D:9      | Found a sacrificial altar of Ru.
 25264 | D:9      | Killed Pikel
 25518 | D:7      | Reached ***** piety under Ashenzari
 25819 | D:4      | Noticed Sigmund
 25859 | D:3      | Killed Jessica
 25963 | D:3      | Noticed Ijyb
 25980 | D:3      | Killed Ijyb
 26157 | D:3      | Noticed Terence
 26167 | D:3      | Killed Terence
 26491 | D:1      | Found Wympayl's Distillery.
 26496 | D:1      | Bought 2 potions of heal wounds for 120 gold pieces
 26496 | D:1      | Bought a potion of curing for 36 gold pieces
 26496 | D:1      | Bought 2 potions of curing for 72 gold pieces
 26496 | D:1      | Bought a potion of might for 48 gold pieces
 26496 | D:1      | Bought a potion of might for 48 gold pieces
 26496 | D:1      | Bought a potion of curing for 36 gold pieces
 27062 | D:4      | Killed Natasha
 27065 | D:4      | Noticed Natasha
 27072 | D:4      | Killed Natasha
 27087 | D:4      | Killed Sigmund
 27092 | D:4      | Noticed Natasha
 27096 | D:4      | Killed Natasha
 27122 | D:5      | Killed Duvessa
 27692 | D:8      | Found a shimmering blue altar of Sif Muna.
 28530 | D:11     | Learned a level 2 spell: Passwall
 28534 | D:11     | Learned a level 3 spell: Stone Arrow
 28656 | D:11     | Gained mutation: Your presence sometimes corrodes those you
                  | injure. [demonic ancestry]
 28656 | D:11     | Reached XP level 14. HP: 88/113 MP: 23/23
 29606 | D:13     | Reached skill level 1 in Earth Magic
 30886 | D:13     | Reached skill level 1 in Transmutations
 31607 | Lair:1   | Reached skill level 5 in Polearms
 31640 | Lair:1   | Reached skill level 5 in Long Blades
 32150 | Lair:3   | Noticed Rupert
 32203 | Lair:3   | Found a staircase to the Snake Pit.
 32337 | Lair:3   | Found a runed translucent gate.
 32337 | Lair:3   | Found a runed translucent gate.
 32337 | Lair:3   | Found a runed translucent gate.
 32341 | Lair:3   | Found a staircase to the Shoals.
 32628 | Lair:3   | Identified the +1 rapier of the Twisting Traitor {protect,
                  | *Rage rElec rC+++ Dex-2}
 32854 | Lair:3   | Reached skill level 10 in Armour
 35201 | Lair:6   | Noticed Urug
 35302 | Lair:6   | Identified the +2 leather armour of Unambiguity {-Cast
                  | rElec rCorr Str+2}
 35589 | Lair:6   | Killed Urug
 36039 | Lair:6   | Reached XP level 15. HP: 116/124 MP: 27/27
 36713 | Lair:6   | Identified the +7 hand axe of the Eternal Warrior {vorpal,
                  | *Noise rN+++ Dex-4 SInv}
 37760 | Lair:3   | Noticed kalagan's ghost (journeyman DECj)
 37760 | Lair:3   | Noticed MirrMurr's ghost (journeyman DsBe)
 37805 | Shoals:1 | Entered Level 1 of the Shoals
 38053 | Shoals:1 | Noticed Frances
 38107 | Shoals:1 | Noticed a kraken
 38126 | Shoals:1 | HP: 5/124 [tentacle[a kraken] (3)]
 38126 | Shoals:1 | HP: 2/124 [tentacle[a kraken] (3)]
 38567 | Shoals:2 | Noticed Polyphemus
 38571 | Shoals:2 | Hit by a large rock thrown by Polyphemus

Illustrated notes

Levels and vault maps discovered:
D:1:      erik_arrival_cave_to_civilisation [erik_arrival_cave_to_hall],
          layout_loops_ring, hellmonk_ecumenical_altar_arch_garden,
          serial_shops, shop_coins, shop, shop, shop, st_stairs_6
D:2:      layout_basic, basic_altar, serial_bayou_lagoon_a
D:3:      layout_loops_ring, feat_on_display, uniq_ijyb, uniq_robin,
          uniq_jessica, uniq_terence
D:4:      minmay_chambers_of_twos, layout_rooms, uniq_sigmund, uniq_eustachio,
          uniq_duvessa, uniq_natasha
D:5:      layout_loops_ring, mainiacjoe_overflow_surrounded_room, zin_statuary,
          yredelemnul_forgotten_temple_becter, minmay_temple_entry_butterflies,
          serial_shops, nicolae_stop_n_shop_1, kennysheep_generic_room_9
D:6:      layout_rooms, nicolae_underground_beach
D:7:      layout_basic, minmay_fractal_squares_gapless_5
D:8:      lemuel_insect_pit, layout_basic, kiku_gazebo_garden_becter,
          kennysheep_orc_sif_temple, uniq_maurice
D:9:      nzn_winding_woodlands_three_and_one
          [nzn_winding_woodlands_5x15_pockets,
          nzn_winding_woodlands_5x15_parted,
          nzn_winding_woodlands_5x15_sidewinder,
          nzn_winding_woodlands_center_garden], layout_long_grid,
          nicolae_ru_the_path_less_chosen, dpeg_lair_monsters, erik_orc_1,
          serial_shops, nicolae_shop_advertising_works
          [nicolae_subvault_shop_adworks], hangedman_corner_corridor, uniq_pikel
D:10:     layout_roguey, trove_entry_hex_spiral, jiyva_altar_1
D:11:     layout_rooms, portal_ice_cave_rime
D:12:     layout_rooms, ebering_dispersal_statue_hall,
          nicolae_uskayaw_dance_hall
D:13:     layout_roguey, david_vaults_5, uniq_kirke
D:14:     layout_rooms, bloody_makhleb, kennysheep_minor_cross, uniq_snorg
D:15:     grunt_enter_depths_snipers, layout_loops_ring,
          chequers_serial_rivers_room_a, uniq_azrael
Temple:   compressed_dpeg_circular_temple
Lair:1:   layout_gridlike, serial_rivers, chequers_serial_rivers_marsh,
          chequers_serial_rivers_large_b, chequers_serial_rivers_micro_e,
          chequers_serial_rivers_marsh, chequers_serial_rivers_marsh,
          beast_lair_carwin_4, serial_bayou_shore_b, uniq_gastronok
Lair:2:   layout_roguey, infiniplex_staircase_pool
Lair:3:   layout_cave_shapes, elwin_shoals_entry_stream,
          minmay_snake_entry_six_corridors, gammafunk_ghost_cemetery,
          uniq_rupert
Lair:4:   layout_layer_cave, infiniplex_staircase_pool_2
Lair:5:   layout_gridlike, cheibrodos_lair_reptile_den
Lair:6:   minmay_lair_end_frog_pond, layout_hall_layers,
          minmay_slime_entry_oklob_enclosed, serial_bayou_shore_b, uniq_urug
Shoals:1: layout_shoals, uniq_frances
Shoals:2: layout_shoals, uniq_polyphemus
Orc:1:    emtedronai_trogs_sanctum, layout_caves, nicolae_shop_gadgets,
          uniq_sonja, uniq_nergalle
Orc:2:    grunt_orc_gardens, layout_diamond_mine, grunt_orc_garden,
          grunt_orc_garden, grunt_orc_garden, grunt_orc_garden,
          hangedman_minor_magic, uniq_jorgrun

Skill      XL: |  1  2  3  4  5  6  7  8  9 10 11 12 13 14 15 |
---------------+----------------------------------------------+-----
Dodging        | 1 2 3 4 5 6 7 8 |  8.0
Stealth        | 1 2 3 4 6 7 8 9 |  9.4
Armour         | 2 3 4 5 6 7 9 10 | 10.2
Short Blades   | 1 2 3 4 5 6 7 8 9 |  9.8
Conjurations   | 1 2 |  2.6
Evocations     | 4 5 6 7 8 9 |  9.2
Fighting       | 2 3 4 5 6 7 8 9 |  9.1
Spellcasting   | 1 3 4 |  4.4
Translocations | 1 2 3 |  3.2
Throwing       | 1 2 3 4 5 6 7 |  7.3
Long Blades    | 3 4 5 |  5.7
Polearms       | 2 4 5 |  5.4
Summonings     | 2 |  2.5
Shields        | 1 2 |  2.8
Earth Magic    | 2 3 |  3.3
Transmutations | 2 3 |  3.3

Action                   |  1- 3 |  4- 6 |  7- 9 | 10-12 | 13-15 || total
-------------------------+-------+-------+-------+-------+-------++-------
Melee: Dagger            |   109 |       |       |       |       ||   109
       Club              |    13 |       |       |       |       ||    13
       Punch             |     3 |       |     3 |    19 |     3 ||    28
       Short sword       |       |   111 |   225 |   632 |       ||   968
       Kick              |       |    34 |    89 |   372 |   795 ||  1290
       Scimitar          |       |       |       |    43 |       ||    43
       Spear             |       |       |       |   222 |  1356 ||  1578
       Rapier            |       |       |       |       |   528 ||   528
Throw: Dart              |       |       |    24 |    40 |    17 ||    81
 Cast: Call Imp          |       |       |       |       |    16 ||    16
       Apportation       |       |       |       |       |     9 ||     9
Invok: Curse Item        |       |     1 |     3 |     1 |     5 ||    10
       Shatter the Chain |       |       |       |     1 |     1 ||     2
Evoke: Wand              |     8 |     1 |     4 |    27 |    12 ||    52
       Piece from Xom's  |       |     1 |     3 |     3 |     1 ||     8
       Box of beasts     |       |       |       |       |     1 ||     1
  Use: Scroll            |     1 |     3 |     1 |     3 |    11 ||    19
       Potion            |       |       |     2 |     5 |     6 ||    13
 Stab: Sleeping          |     9 |     3 |     9 |    11 |    45 ||    77
       Paralysed         |       |       |     1 |     3 |       ||     4
       Confused          |       |       |       |     3 |       ||     3
       Distracted        |       |       |       |     4 |    10 ||    14
Armor: Leather armour    |    16 |       |       |       |       ||    16
       Ring mail         |    11 |    60 |    36 |       |   206 ||   313
       Scale mail        |       |       |    39 |   284 |   133 ||   456
       Troll leather arm |       |       |       |       |   111 ||   111
Dodge: Dodged            |    50 |    66 |   115 |   535 |  1070 ||  1836
Block: Buckler           |       |       |       |       |   484 ||   484
